AoeStats
← 关灯吃面

Arena

509562997Analyzed
4v4 RM · 6d ago on Sep 27, 2026· 35m 46s· 8 players
Game mode
Random Map
Map size
Large (8 player)
Population
200
Speed
Normal
Resources
Standard
Victory
Conquest
Starting age
Dark Age
Ending age
Imperial Age
RankedLock teamsTeams togetherTeam positionsShared explorationLock speedFull tech treeHidden civsTurbo modeCheats
Victory
Defeat
1116
+12
🇨🇳 Portuguese · China
1067
+14
1014
+16
🇹🇼 Cumans · Taiwan
1054
-15
🇮🇳 Britons · India
1031
-15
🇮🇳 Huns · India
1023
-14
🇨🇳 Persians · China
1000
-43
快乐的小跑
9:17 Feudal Age
14:54 Castle Age
17:14 Forging
17:10 Scale Barding Armor
19:17 Iron Casting
25:04 Chain Barding Armor
32:10 Imperial Age
Avalon
2:11 Loom
8:57 Feudal Age
9:23 Horse Collar
9:29 Double-Bit Axe
15:25 Castle Age
17:00 Wheelbarrow
23:26 Fletching
24:54 Gold Mining
25:57 Ballistics
26:04 Town Watch
27:46 Bodkin Arrow
28:21 Yeomen
29:51 Padded Archer Armor
33:03 Imperial Age
33:06 Leather Archer Armor
33:50 Bracer
33:17 Elite Longbowman
34:29 Conscription
35:18 Chemistry
36:15 Ring Archer Armor
極易電腦
7:54 Loom
10:01 Feudal Age
10:37 Double-Bit Axe
10:34 Horse Collar
18:09 Wheelbarrow
22:39 Castle Age
22:04 Gold Mining
22:05 Stone Mining
23:49 Bow Saw
23:41 Heavy Plow
24:02 Hand Cart
23:48 Pikeman
27:51 Gold Shaft Mining
30:54 Imperial Age
28:39 Forging
29:26 Bloodlines
29:51 Scale Barding Armor
30:23 Iron Casting
31:01 Cavalier
32:04 Conscription
32:52 Two-Man Saw
32:26 Crop Rotation
32:14 Paladin
34:04 Blast Furnace
33:41 Chain Barding Armor
35:43 Hoardings
关灯吃面
洗心革面重新做人TownYan
10:04 Feudal Age
13:54 Castle Age
12:51 Double-Bit Axe
13:05 Horse Collar
15:51 Wheelbarrow
20:39 Bow Saw
22:49 Hand Cart
22:45 Gold Mining
23:09 Loom
23:09 Town Watch
23:50 Stone Mining
24:36 Gold Shaft Mining
24:43 Heavy Plow
24:51 Fletching
25:18 Fortified Wall
24:49 Treadmill Crane
25:33 Bodkin Arrow
26:54 Ballistics
26:51 Padded Archer Armor
30:11 Imperial Age
29:20 Yeomen
30:37 Elite Longbowman
31:19 Bracer
32:20 Chemistry
31:26 Siege Engineers
31:32 Masonry
31:19 Murder Holes
31:47 Conscription
31:44 Caravan
33:02 Leather Archer Armor
33:37 Guilds
33:28 Scale Mail Armor
33:39 Forging
34:51 Hoardings
35:07 Architecture
泰拉之花.群山俯首
4:37 Loom
9:56 Feudal Age
12:43 Wheelbarrow
14:46 Castle Age
12:42 Double-Bit Axe
16:18 Bow Saw
21:55 Scale Mail Armor
21:41 Pikeman
26:37 Hand Cart
26:32 Fletching
27:24 Stone Mining
27:25 Gold Mining
30:25 Bodkin Arrow
30:20 Horse Collar
31:02 Padded Archer Armor
31:05 Heavy Plow
34:04 Imperial Age
32:00 Forging
31:56 Scale Barding Armor
32:15 Ballistics
32:45 Squires
33:22 Iron Casting
33:14 Thumb Ring
34:23 Leather Archer Armor
34:29 Chain Barding Armor
34:27 Masonry
33:58 Treadmill Crane
34:38 Husbandry
34:48 Bloodlines
36:03 Two-Man Saw
34:33 Elite Genoese Crossbowman
35:53 Conscription
我说狂阿七比肥龙强,B站关注狂阿七谢谢喵
10:01 Feudal Age
13:42 Castle Age
12:10 Double-Bit Axe
12:28 Horse Collar
15:18 Bow Saw
23:51 Wheelbarrow
24:56 Hand Cart
26:26 Heavy Plow
26:33 Gold Mining
26:34 Stone Mining
27:09 Treadmill Crane
30:33 Imperial Age
28:00 Loom
28:02 Town Watch
29:02 Stone Shaft Mining
28:10 Vendel Legacy
29:05 Fletching
29:21 Scale Barding Armor
29:26 Forging
29:33 Bloodlines
29:24 Husbandry
29:37 Murder Holes
29:39 Bodkin Arrow
29:59 Squires
29:44 Arson
29:45 Gambesons
31:28 Ballistics
31:28 Caravan
31:40 Guilds
32:24 Chain Barding Armor
32:39 Iron Casting
33:22 Chemistry
32:32 Masonry
32:23 Bracer
33:46 Two-Man Saw
33:17 Crop Rotation
33:27 Conscription
32:38 Gothikon
33:29 Elite Jarl
34:46 Plate Barding Armor
36:15 Siege Engineers
36:41 Architecture
从不压堡之人
10:20 Feudal Age
11:45 Double-Bit Axe
14:21 Castle Age
17:54 Wheelbarrow
21:02 Loom
21:55 Bow Saw
21:26 Horse Collar
23:14 Hand Cart
24:51 Fletching
25:37 Bodkin Arrow
26:04 Ballistics
26:13 Gold Mining
26:13 Stone Mining
26:33 Town Watch
30:52 Imperial Age
28:38 Padded Archer Armor
31:02 Stone Shaft Mining
30:53 Heavy Plow
31:19 Town Patrol
31:39 Bracer
32:39 Chemistry
31:55 Leather Archer Armor
32:55 Husbandry
33:05 Bloodlines
33:01 Thumb Ring
34:07 Treadmill Crane
34:33 Siege Engineers
35:00 Ring Archer Armor
35:39 Bombard Tower
35:16 Murder Holes
35:28 Caravan
35:39 Guilds
36:43 Two-Man Saw
Connection lost

Rejoining the realm…

Still unreachable

The connection could not be restored.

Session expired

The server has moved on; the page needs a fresh start.